 Dungeon Crawl Stone Soup version 0.21.1-1-g345015fe64 (webtiles) character file.

16329 Mrkan the Brawler (level 12, -6/119 HPs)
             Began as a Troll Monk on July 12, 2018.
             Was a Priest of Fedhas.
             Mangled by a nine-headed hydra (14 damage)
             ... on level 12 of the Dungeon on July 13, 2018.
             The game lasted 00:36:59 (10274 turns).

Mrkan the Brawler (Troll Monk)                     Turns: 10274, Time: 00:37:00

Health: -6/119     AC:  7    Str: 22    XL:     12   Next: 9%
Magic:  11/11      EV: 10    Int:  6    God:    Fedhas [***...]
Gold:   667        SH:  0    Dex: 16    Spells: 11/11 levels left

rFire    . . .     SeeInvis .     - Unarmed
rCold    . . .     Gourm    +   (no shield)
rNeg     . . .     Faith    .   R - +0 troll leather armour
rPois    .         Spirit   .   (helmet restricted)
rElec    .         Reflect  .   (no cloak)
rCorr    .         Harm     .   (gloves unavailable)
MR       .....                  (boots unavailable)
Stlth    ++........             h - amulet of regeneration
HPRegen  1.49/turn              x - ring of flight
MPRegen  0.12/turn              (no ring)

@: hasted, very quick
A: large, unfitting armour, claws 3, fast metabolism 3, gourmand, regeneration
1, shaggy fur 1, tough skin 2
a: Fungal Bloom, Evolution, Sunlight, Growth, Renounce Religion, Evoke Flight


You were on level 12 of the Dungeon.
You worshipped Fedhas.
Fedhas was most pleased with you.
You were full.

You visited 2 branches of the dungeon, and saw 13 of its levels.

You collected 667 gold pieces.

Inventory:

Armour
 a - a +1 robe
 o - a cursed +0 chain mail
 v - a +2 pair of gloves
 D - +0 fire dragon scales
 E - the +2 robe of Midsummer {rElec}
   (You found it on level 8 of the Dungeon)

   It insulates you from electricity.
 M - a +0 cloak
 N - a +0 hat of intelligence
 R - a +0 troll leather armour (worn)
Jewellery
 h - an amulet of regeneration (around neck)
 l - an uncursed ring of protection from magic {unknown}
 w - a cursed -2 ring of strength
 x - a ring of flight (left claw)
 z - a +5 ring of dexterity {unknown}
 I - a +1 ring of protection {unknown}
 Q - an uncursed ring of magical power {unknown}
Wands
 B - a wand of enslavement (9)
 J - a wand of disintegration (5)
 L - a wand of iceblast (4)
Scrolls
 d - 2 scrolls of amnesia
 i - 3 scrolls of teleportation
 j - 3 scrolls of enchant weapon
 m - 4 scrolls of remove curse
 r - 2 scrolls of blinking
 y - 2 scrolls of magic mapping
 F - a scroll of fog {unknown}
 G - a scroll of acquirement {unknown}
 H - 4 scrolls of identify
 K - a scroll of summoning {unknown}
 O - a scroll of holy word {unknown}
 P - 2 scrolls of fear {unknown}
 S - a scroll of enchant armour
Potions
 c - 2 potions of flight {unknown}
 e - 3 potions of curing
 f - 3 potions of haste
 g - 3 potions of degeneration
 k - 5 potions of might {unknown}
 n - 3 potions of ambrosia
 p - 4 potions of lignification {unknown}
 q - 5 potions of brilliance
 s - 2 potions of heal wounds {unknown}
 t - 2 potions of magic {unknown}
 u - a potion of invisibility {unknown}
 A - a potion of cancellation {unknown}
 C - 3 potions of berserk rage {unknown}
Comestibles
 b - 25 rations


   Skills:
 * Level 7.6 Fighting
 - Level 2.4 Dodging
 - Level 1.0 Stealth
 - Level 17.0 Unarmed Combat


You had 11 spell levels left.
You didn't know any spells.

Dungeon Overview and Level Annotations

Branches:
Dungeon (12/15)            Temple (1/1) D:6            Lair (0/6) D:11
    Orc (0/2) D:12

Altars:
Ashenzari
Cheibriados
Dithmenos
Elyvilon
Fedhas
Gozag
Hepliaklqana
Kikubaaqudgha
Makhleb
Nemelex Xobeh
Qazlal
Ru
Sif Muna
Trog
Uskayaw
Vehumet
Wu Jian
Yredelemnul
Zin
The Shining One

Shops:
D:10 *   D:11 *

Portals:
Trove: D:11 (give 8 potions of agility)


Innate Abilities, Weirdness & Mutations

You are too large for most types of armour.
You have claws for hands.
Your metabolism is lightning-fast.
You like to eat raw meat.
Your natural rate of healing is unusually fast.
You are covered in fur. (AC +1)
You have very tough skin. (AC +2)


Message History

Aiming: Disintegrate
Press: ? - help, Shift-Dir - straight line, f/p - nine-headed hydra
Aim: a nine-headed hydra (moderately wounded, chance to defeat MR: 30%)
The nine-headed hydra is blasted.
The nine-headed hydra closely misses you.
The nine-headed hydra bites you! The nine-headed hydra bites you.
The nine-headed hydra barely misses you.
The nine-headed hydra bites you but does no damage.
The nine-headed hydra bites you.
* * * LOW HITPOINT WARNING * * *
The nine-headed hydra completely misses you.
The nine-headed hydra bites you!
* * * LOW HITPOINT WARNING * * *
The nine-headed hydra bites you!
* * * LOW HITPOINT WARNING * * *
You feel yourself speed up. The nine-headed hydra bites you!
* * * LOW HITPOINT WARNING * * *
The nine-headed hydra bites you!
You die...
Fedhas appreciates your contribution to the ecosystem.

#...)....#
.....#........#
#....####.....#
#.......#.....รท #
#.......#.##### #.
#.......#.#.... #..
#.......#.#....
#...######.......#.#....
#.....D@.........#.#...(
#.......####.....#.#....
#.......# #####.'.#....
#.......# #.#.#....
#.......# #.#.#....
###.....# #.+.##### ...
#.....# #.#...... ..#
#.....# #.#...... ..#
..#......


You could see a nine-headed hydra.

Vanquished Creatures
  Gastronok (D:11)
  3 two-headed ogres
  A queen ant (D:8)
  The ghost of Loge the Cleaver, a novice MiBe of Trog (D:7)
  An unseen horror (D:10)
  An ugly thing (D:12)
  Maurice (D:11)
  Psyche (D:11)
  4 trolls
  2 hippogriffs
  A spriggan (D:7)
  A wraith (D:12)
  10 yaks
  A basilisk (D:12)
  2 steam dragons
  2 soldier ants (D:8)
  A black bear (D:11)
  2 ice beasts
  A sky beast (D:10)
  3 ogres
  An eye of draining (D:11)
  5 orc warriors
  A phantom (D:5)
  5 wolves (D:11)
  2 centaurs
  A crocodile (D:9)
  2 big kobolds (D:10)
  10 bullfrogs
  4 scorpions
  6 killer bees
  9 wights
  2 howler monkeys
  3 electric eels (D:11)
  3 crimson imps
  2 bullfrog zombies
  2 quasits
  2 centaur zombies
  13 hounds
  4 jellies
  4 orc priests
  3 bullfrog skeletons
  4 centaur skeletons
  9 orc wizards
  Terence (D:2)
  4 iguanas
  25 worker ants
  2 hound zombies
  A hound skeleton (D:6)
  A mummy (D:7)
  2 worker ant zombies
  11 adders
  4 shadow imps
  10 oozes
  2 adder skeletons
  An adder zombie (D:9)
  A dart slug (D:3)
  10 leopard geckos
  36 orcs
  2 ball pythons
  2 giant cockroaches (D:3)
  4 goblins
  8 hobgoblins
  9 jackals
  26 kobolds
  4 quokkas
  11 bats
  4 frilled lizards
  3 hobgoblin zombies (D:7)
  A kobold zombie (D:7)
  A quokka skeleton (D:8)
  A quokka zombie (D:6)
  9 rats
333 creatures vanquished.

Vanquished Creatures (others)
  A hungry ghost (D:10)
  86 toadstools
87 creatures vanquished.

Grand Total: 420 creatures vanquished

Notes
Turn   | Place    | Note
-------+----------+-------------------------------------------
     0 | D:1      | Mrkan the Troll Monk began the quest for the Orb.
     0 | D:1      | Reached XP level 1. HP: 22/22 MP: 0/0
   344 | D:1      | Reached XP level 2. HP: 27/29 MP: 1/1
   757 | D:1      | Reached XP level 3. HP: 37/37 MP: 2/2
  1578 | D:2      | Reached skill level 4 in Unarmed Combat
  1640 | D:2      | Reached XP level 4. HP: 39/45 MP: 3/3
  1667 | D:2      | Reached XP level 5. HP: 40/54 MP: 4/4
  1806 | D:2      | Noticed Terence
  1819 | D:2      | Killed Terence
  2117 | D:3      | Reached skill level 5 in Unarmed Combat
  2262 | D:3      | Reached XP level 6. HP: 24/63 MP: 5/5
  2513 | D:3      | Found a faded altar of an unknown god.
  2822 | D:3      | Found a white marble altar of Elyvilon.
  2824 | D:3      | Found an ornate altar of the Wu Jian Council.
  3310 | D:4      | Reached skill level 5 in Fighting
  3310 | D:4      | Reached skill level 6 in Unarmed Combat
  3310 | D:4      | Reached XP level 7. HP: 65/72 MP: 6/6
  3861 | D:5      | Entered Level 5 of the Dungeon
  4078 | D:5      | Reached skill level 7 in Unarmed Combat
  4362 | D:6      | Reached XP level 8. HP: 83/83 MP: 7/7
  4484 | D:6      | Reached skill level 8 in Unarmed Combat
  4780 | D:6      | Reached XP level 9. HP: 83/93 MP: 8/8
  4787 | D:6      | Reached skill level 9 in Unarmed Combat
  4819 | D:6      | Found a staircase to the Ecumenical Temple.
  4824 | Temple   | Entered the Ecumenical Temple
  5087 | Temple   | Became a worshipper of Fedhas Madash
  5087 | Temple   | Reached * piety under Fedhas
  5087 | Temple   | Reached ** piety under Fedhas
  5552 | D:7      | Found a glowing silver altar of Zin.
  5552 | D:7      | Found a stormy altar of Qazlal.
  6036 | D:7      | Noticed Loge's ghost (novice MiBe)
  6052 | D:7      | Killed Loge's ghost
  6052 | D:7      | Reached skill level 10 in Unarmed Combat
  6208 | D:7      | Reached skill level 11 in Unarmed Combat
  6274 | D:8      | Noticed a queen ant
  6300 | D:8      | Killed a queen ant
  6302 | D:8      | Reached XP level 10. HP: 35/102 MP: 9/9
  6307 | D:8      | Reached skill level 12 in Unarmed Combat
  6987 | D:8      | Got a fabulously ornate robe
  7134 | D:8      | Identified the +2 robe of Midsummer {rElec} (You found it on level 8 of the Dungeon)
  7506 | D:9      | Reached skill level 13 in Unarmed Combat
  8016 | D:10     | Entered Level 10 of the Dungeon
  8052 | D:10     | Noticed a two-headed ogre
  8067 | D:10     | Killed a two-headed ogre
  8199 | D:10     | Reached skill level 14 in Unarmed Combat
  8274 | D:10     | Noticed a two-headed ogre
  8287 | D:10     | Killed a two-headed ogre
  8509 | D:10     | Noticed an unseen horror
  8512 | D:10     | Killed an unseen horror
  8512 | D:10     | Reached XP level 11. HP: 82/109 MP: 7/10
  8734 | D:10     | Reached skill level 15 in Unarmed Combat
  8895 | D:10     | Found Latakun's Assorted Antiques.
  9139 | D:11     | Found a portal to a secret trove of treasure.
  9139 | D:11     | Noticed Gastronok
  9175 | D:11     | Killed Gastronok
  9336 | D:11     | Noticed a two-headed ogre
  9350 | D:11     | Reached *** piety under Fedhas
  9354 | D:11     | Killed a two-headed ogre
  9358 | D:11     | Reached skill level 16 in Unarmed Combat
  9361 | D:11     | Noticed Psyche
  9396 | D:11     | Killed Psyche
  9422 | D:11     | Noticed Maurice
  9473 | D:11     | Killed Maurice
  9701 | D:11     | Found Yshroced's Assorted Antiques.
  9781 | D:11     | Found a staircase to the Lair.
 10057 | D:12     | Noticed a cyan ugly thing
 10066 | D:12     | Killed a cyan ugly thing
 10066 | D:12     | Reached XP level 12. HP: 49/118 MP: 11/11
 10188 | D:12     | Found a staircase to the Orcish Mines.
 10210 | D:12     | Reached skill level 17 in Unarmed Combat
 10264 | D:12     | Noticed an eight-headed hydra
 10274 | D:12     | Mangled by a nine-headed hydra

Skill      XL: |  1  2  3  4  5  6  7  8  9 10 11 12 |
---------------+-------------------------------------+-----
Fighting       | 3 4 5 6 7 |  7.6
Unarmed Combat | 4 5 6 7 8 11 14 16 17 | 17.0
Dodging        | |  2.4
Stealth        | |  1.0

Action                   |  1- 3 |  4- 6 |  7- 9 | 10-12 || total
-------------------------+-------+-------+-------+-------++-------
Melee: Unarmed           |   131 |   158 |   251 |   444 ||   984
       Punch             |     3 |     4 |    18 |    27 ||    52
Invok: Sunlight          |       |       |     2 |     1 ||     3
       Fungal Bloom      |       |       |       |    23 ||    23
Evoke: Wand              |       |       |       |     6 ||     6
  Use: Scroll            |       |     7 |     5 |     7 ||    19
       Potion            |       |       |       |     2 ||     2
 Stab: Sleeping          |     3 |     1 |     4 |       ||     8
  Eat: Chunk             |    18 |    18 |    21 |    35 ||    92
       Ration            |       |       |       |     3 ||     3
Armor: Robe              |    69 |    58 |    67 |    16 ||   210
       Fire dragon scale |       |       |       |   197 ||   197
       Troll leather arm |       |       |       |    13 ||    13
Dodge: Dodged            |    92 |    79 |   100 |   208 ||   479
